 Dungeon Crawl Stone Soup version 0.16-a0-3325-g64f94fb (webtiles) character file.

56 PolkaDot the Caller (level 3, 0/28 HPs)
             Began as a Vampire Summoner on Dec 27, 2014.
             Slain by a bat (1 damage)
             ... on level 3 of the Dungeon.
             The game lasted 00:05:17 (2183 turns).

PolkaDot the Caller (Vampire Summoner)              Turns: 2183, Time: 00:05:17

Health: 0/28       AC:  5    Str: 14    XL:     3   Next: 71%
Magic:  2/6        EV: 17    Int: 18    God:
Gold:   103        SH:  0    Dex: 19    Spells: 3 memorised, 0 levels left

rFire  . . .     SeeInvis +     l - +0 spear
rCold  . . .     Clarity  .     o - +0 leather armour
rNeg   . . .     SustAb   .     (no shield)
rPois  .         Gourm    .     (no helmet)
rElec  .         Spirit   .     j - +1 cloak
rCorr  .         Warding  .     (no gloves)
rMut   .         Stasis   +     (no boots)
MR     .....                    c - amulet of stasis
Stlth  ++++......               (no ring)
                                (no ring)

@: mighty, agile, lethally poisoned, flying, regenerating quickly, not resistant
to hostile enchantments, stealthy
A: bottle blood, fangs 3, see invisible, berserk 1, strong 1, unbreathing,
placid magic 1
a: no special abilities


You were on level 3 of the Dungeon.
You were full.

You visited 1 branch of the dungeon, and saw 3 of its levels.

You collected 103 gold pieces.

Inventory:

Hand weapons
 l - a +0 spear (weapon)
Armour
 j - a +1 cloak (worn)
 o - a +0 leather armour (worn)
Jewellery
 c - an amulet of stasis (around neck)
Scrolls
 k - a scroll of immolation
Potions
 d - 2 potions of restore abilities
 n - a potion of flight
Books
 b - a book of Callings

   Spells                             Type                      Level
   a - Summon Small Mammal            Summoning                    1
   b - Call Imp                       Summoning                    2
   c - Call Canine Familiar           Summoning                    3
   d - Summon Guardian Golem          Hexes/Summoning              4
   e - Summon Lightning Spire         Summoning/Air                4
   f - Summon Ice Beast               Ice/Summoning                4


   Skills:
 * Level 2.7 Fighting
 - Level 2.1 Dodging
 - Level 3.0 Stealth
 - Level 2.0 Spellcasting
 + Level 4.2 Summonings


You couldn't memorise any spells.
You knew the following spells:

 Your Spells              Type           Power        Failure   Level  Hunger
d - Call Canine Familiar  Summ           ##......     5%          3    ###....
s - Call Imp              Summ           ##......     2%          2    ###....
z - Summon Small Mammal   Summ           ##..         1%          1    #......


Dungeon Overview and Level Annotations

Branches:
Dungeon (3/15)

Altars:

Annotations:
D:3 lorenzova's ghost, average DECj


Innate Abilities, Weirdness & Mutations

Your natural rate of healing is unusually fast.
You can bottle blood from corpses.
You have razor-sharp teeth.
You have supernaturally acute eyesight.
You can survive without breathing.
You tend to lose your temper in combat.
Your muscles are strong. (Str +2)
Your spells are a little easier to cast, but a little less powerful.


Message History

* * * LOW HITPOINT WARNING * * *
You feel sick.
Read which item? (? for menu, Esc to quit)
As you read the scroll labeled SALUSHOQUR, it crumbles to dust.
It is a scroll of identify.
Identify which item? (\ to view known items) (? for menu, Esc to quit)
k - a scroll of immolation
* * * LOW HITPOINT WARNING * * *
You feel sick. The bat misses you.
* * * LOW HITPOINT WARNING * * *
You feel sick. The bat closely misses you.
You see here a dagger.
The bat hits you but does no damage.
The bat closely misses your crimson imp.
Your hound barely misses the bat.
The bat barely misses your crimson imp.
Your hound closely misses the bat.
Your crimson imp closely misses the bat.
* * * LOW HITPOINT WARNING * * *
You feel sick. The bat hits you.
You die...

... #.# .. #.# #.# #.#
##.. #.# ### ... #.# ....
#.## #####.##.....
g##.##..####.............
..........())5)b@........
######).###.h...........
##.###............
#..#####.........
#########.#####.........
#......[...............
#..........####......#
#..........## ##+#...
#...........#


You could see a bat, a friendly hound and a friendly crimson imp.

Vanquished Creatures
  An adder (D:2)
  A giant gecko (D:3)
  An ooze (D:3)
  5 bats
  7 goblins
  3 hobgoblins
  2 jackals (D:3)
  3 kobolds
  A quokka (D:2)
  A giant cockroach (D:2)
  A giant newt (D:2)
  3 rats
29 creatures vanquished.

Vanquished Creatures (collateral kills)
  An adder (D:2)
  A worm (D:3)
  A giant gecko (D:2)
  3 bats
  A quokka (D:2)
  3 kobolds
10 creatures vanquished.

Vanquished Creatures (others)
  A rat (D:2)
1 creature vanquished.

Grand Total: 40 creatures vanquished

Notes
Turn   | Place    | Note
--------------------------------------------------------------
     0 | D:1      | PolkaDot, the Vampire Summoner, began the quest for the Orb.
     0 | D:1      | Reached XP level 1. HP: 13/13 MP: 3/3
   377 | D:1      | Reached skill level 1 in Fighting
   892 | D:2      | Reached XP level 2. HP: 21/21 MP: 4/4
  1614 | D:2      | Learned a level 2 spell: Call Imp
  1709 | D:2      | Reached XP level 3. HP: 10/28 MP: 0/6
  1937 | D:2      | Learned a level 3 spell: Call Canine Familiar
  2058 | D:3      | Noticed lorenzova's ghost (average DECj)
  2175 | D:3      | Gained mutation: Your muscles are strong. (Str +2) [potion of mutation]
  2175 | D:3      | Gained mutation: Your spells are a little easier to cast, but a little less powerful. [potion of mutation]
  2175 | D:3      | Gained mutation: You tend to lose your temper in combat. [potion of mutation]
  2183 | D:3      | HP: 1/28 [poisoned by a kobold]
  2183 | D:3      | Slain by a bat

Action                   || total
-------------------------++-------
Melee: Unarmed           ||    15
       Short sword       ||    38
       Dagger            ||     6
       Spear             ||    81
 Cast: Summon Small Mamm ||    21
       Call Imp          ||     5
       Call Canine Famil ||     1
  Use: Potion            ||     6
       Scroll            ||     3
 Stab: Sleeping          ||     3
  Eat: Corpse            ||    12
